 Dungeon Crawl Stone Soup version 0.24.0-13-gcf9b319 (webtiles) character file.

Game seed: 7910801704288524457, levelgen mode: deterministic

25 ChitinClub the Shooter (level 2, 0/23 HPs)
             Began as a Centaur Arcane Marksman on Jan 11, 2020.
             Slain by a gnoll
             ... wielding a +0 whip
              (9 damage)
             ... on level 1 of the Dungeon.
             The game lasted 00:05:21 (691 turns).

ChitinClub the Shooter (Centaur Arcane Marksman)     Turns: 691, Time: 00:05:22

Health: 0/23       AC:  4    Str: 12    XL:     2   Next: 86%
Magic:  3/3        EV: 10    Int: 12    God:
Gold:   41         SH:  0    Dex:  9    Spells: 2/3 levels left

rFire    . . .     SeeInvis .   h - +0 dagger
rCold    . . .     Gourm    .   (no shield)
rNeg     . . .     Faith    .   e - +0 robe
rPois    .         Spirit   .   (no helmet)
rElec    .         Reflect  .   (no cloak)
rCorr    .         Harm     .   (no gloves)
MR       .....                  (no barding)
Stlth    +.........             (no amulet)
HPRegen  0.07/turn              (no ring)
MPRegen  0.08/turn              (no ring)

@: very quick
A: large, hooves 3, deformed body, speed 2, tough skin 3
a: no special abilities


You were on level 1 of the Dungeon.
You were not hungry.

You visited 1 branch of the dungeon, and saw 1 of its levels.

You collected 41 gold pieces.

Inventory:

Hand Weapons
 a - a +0 shortbow
 h - a +0 dagger (weapon)
Armour
 c - a scarf of resistance
 e - a +0 robe (worn)
Scrolls
 g - 6 scrolls of identify {unknown}
 j - a scroll of teleportation {unknown}
Potions
 i - a potion of invisibility {unknown}
Comestibles
 b - a chunk of flesh
 f - 4 rations


   Skills:
 + Level 1.0 Fighting
 + Level 3.5 Bows
 + Level 1.7 Dodging
 + Level 1.1 Spellcasting
 + Level 3.0 Hexes


You had 2 spell levels left.
You knew the following spells:

 Your Spells              Type           Power        Failure   Level  Hunger
a - Corona                Hex            #......      9%          1    ##.....

Your spell library contained the following spells:

 Spells                   Type           Power        Failure   Level  Hunger
 Slow                     Hex            #.......     13%         2    ###....
 Inner Flame              Hex/Fire       #.......     43%         3    ####...
 Portal Projectile        Hex/Tloc       #.....       43%         3    ####...
 Cause Fear               Hex            #.........   63%         4    #####..
 Leda's Liquefaction      Hex/Erth       #.........   85%         4    #####..


Dungeon Overview and Level Annotations

Branches:
Dungeon (1/15)

Altars:


Innate Abilities, Weirdness & Mutations

You have hooves in place of feet.
Armour fits poorly on your strangely shaped body.
You cover ground very quickly.
You have extremely tough skin. (AC +3)


Message History

Firing (i - inventory) No suitable missiles.
Press: ? - help, Shift-Dir - straight line, f/p - gnoll
Aim: a gnoll, wielding a +0 whip (heavily wounded)
Okay, then.
Firing (i - inventory) No suitable missiles.
Press: ? - help, Shift-Dir - straight line, f/p - gnoll
Aim: a gnoll, wielding a +0 whip (heavily wounded)
Okay, then.
h - a +0 dagger (weapon)
The jackal barks!
You hit the gnoll but do no damage. Your kick misses the gnoll.
The gnoll is heavily wounded.
A giant cockroach comes into view.
The gnoll hits you with a +0 whip!
A jackal comes into view.
The jackal barks!
You hit the gnoll. Your kick misses the gnoll.
The gnoll is heavily wounded.
The gnoll hits you with a +0 whip!
You die...

#####......#####...##### #..
...........#######.....#######..
#####.......(.((.#####..........
#####>(##....(...#########..
##.##.....(..# #.. #.##........#
#.. #(##...(....# #..
#.######.##### ###
#....g@h....s. #######h.l..>. ..
....... .. ....... .. ....... ..
#...... .. .###.# . #. h. .#
.... ..


You could see a gnoll, a leopard gecko, 3 jackals and a giant cockroach.

Vanquished Creatures
  An ooze (D:1)
  2 dart slugs (D:1)
  2 giant cockroaches (D:1)
  2 goblins (D:1)
  A hobgoblin (D:1)
  A kobold (D:1)
  A ball python (D:1)
  5 bats (D:1)
  2 frilled lizards (D:1)
  2 rats (D:1)
19 creatures vanquished.

Notes
Turn   | Place    | Note
-------+----------+-------------------------------------------
     0 | D:1      | ChitinClub the Centaur Arcane Marksman began the quest for
                  | the Orb.
     0 | D:1      | Reached XP level 1. HP: 16/16 MP: 2/2
   135 | D:1      | Reached XP level 2. HP: 16/23 MP: 3/3
   691 | D:1      | Slain by a gnoll

Levels and vault maps discovered:
D:1:      minmay_arrival_four_circles, layout_rooms

Skill      XL: |  1  2 |
---------------+-------+-----
Bows           | 3 |  3.5
Hexes          | 3 |  3.0
Fighting       | |  1.0
Dodging        | |  1.7
Spellcasting   | |  1.1

Action                   || total
-------------------------++-------
Melee: Dagger            ||     2
 Fire: Shortbow          ||    70
 Cast: Corona            ||     8
Armor: Robe              ||    21
Dodge: Dodged            ||    32
